[Event "Late-Titled-Tuesday-Blitz-March-12-2024"]
[Site "Chess.com"]
[Date "2024.03.12"]
[Round "8"]
[White "Kildepiotr"]
[Black "cthulhuuu"]
[Result "0-1"]
[WhiteElo "2692"]
[BlackElo "2447"]
[TimeControl "180+1"]
[EndTime "15:26:58 PDT"]
[Termination "cthulhuuu won by checkmate"]

1. d4 Nf6 2. c4 e5 3. dxe5 Ng4 4.
Nc3 Nxe5 5. b3 Bb4 6. Bd2 Qe7 7. e3 c6 8. Be2 d6 9. Nh3 a5 10. Nf4 O-O 11. O-O Bf5 12. a3 Bc5 13. b4 axb4 14. axb4 Rxa1 15. Qxa1 Bb6 16. Na4 Bc7 17. b5 Nbd7 18. Nc3 Nc5 19. Qa7 Bb8 20. Qa3 g5 21. Nh5 Bg6 22. Ng3 f5 23. f4 gxf4 24. exf4 Ng4 25. Bxg4 fxg4 26. f5 Bf7 27. Qb4 Qe5 28.
Kh1 Qd4 29. bxc6 Qxd2 30. cxb7 Nd3 31. Qb3 Nf2+ 32. Kg1 Ba7 33. Nb5 Bc5 34. f6 Ne4+ 35. Kh1 Nxg3+ 36. hxg3 Qh6# 0-1

[Event "Late-Titled-Tuesday-Blitz-March-12-2024"]
[Site "Chess.com"]
[Date "2024.03.12"]
[Round "8"]
[White "buenamor1972"]
[Black "maximnovik"]
[Result "0-1"]
[WhiteElo "2388"]
[BlackElo "2603"]
[TimeControl "180+1"]
[EndTime "15:26:59 PDT"]
[Termination "maximnovik won by resignation"]

1. d4 Nf6 2. c4 g6 3. Nc3 d5 4. Nf3 Bg7 5. Bg5 Ne4 6. Bf4 c5 7. e3 cxd4 8. exd4 Nxc3 9. bxc3 O-O 10. Be2 Qa5 11. Qb3 Be6 12. O-O dxc4 13. Bxc4 Bxc4 14. Qxc4 Nd7 15. Rfc1 Rfc8 16. Qb3 b6 17. c4 Qf5 18.
Be3 e5 19. Rd1 exd4 20. Nxd4 Qe4 21. Rac1 Nc5 22. Qa3 Rd8 23. Nb5 Rxd1+ 24. Rxd1 Qxc4 25. Nc7 Rc8 26. Qxa7 Ne4 27. Qb7 Rf8 28. Qxb6 Nc3 29. Qc5 Qxc5 30. Bxc5 Nxd1 31. Bxf8 Bxf8 32. a4 Bb4 33.
Nd5 Ba5 34. Kf1 Nc3 35. Ne7+ Kf8 36. Nc6 Bc7 37. a5 Nb5 38. a6 Bb6 39. Ke2 Nd4+ 40.
Nxd4 Bxd4 41. f4 Ba7 42. Kf3 Ke7 43. g4 f5 44. h3 Ke6 45. Ke2 Kd5 46. Kd3 h5 47.
gxh5 gxh5 0-1

[Event "Late-Titled-Tuesday-Blitz-March-12-2024"]
[Site "Chess.com"]
[Date "2024.03.12"]
[Round "8"]
[White "zano2023"]
[Black "Pachonpower"]
[Result "0-1"]
[WhiteElo "2207"]
[BlackElo "2321"]
[TimeControl "180+1"]
[EndTime "15:26:59 PDT"]
[Termination "Pachonpower won by resignation"]

1. d4 Nf6 2. Nd2 d5 3. Ngf3 b6 4. e3 Bb7 5. Bd3 e6 6. O-O Nbd7 7. Qe2 Ne4 8. Ne5 Bd6 9. Nxd7 Qxd7 10. f3 Nxd2 11.
Bxd2 O-O 12. e4 dxe4 13. fxe4 e5 14. c3 c5 15. d5 Kh8 16. c4 Bc8 17. h3 Qe7 18.
Qh5 f6 19. Be2 Bd7 20. Bg4 Be8 21. Qh4 Bg6 22. Bf5 Qf7 23. Rf3 Bxf5 24. Rxf5 Qg6 25. Raf1 Kg8 26. R5f3 Be7 27. Rg3 f5 28. Bg5 f4 29.
Rg4 Bxg5 30. Qxg5 Qxg5 31. Rxg5 Rae8 32. g3 h6 33. Rg6 fxg3 34. Rxg3 Rxf1+ 35. Kxf1 Rf8+ 36. Ke2 Rf4 37. Ke3 Kf7 38. a3 g5 39. b4 Ke7 40. bxc5 bxc5 41. Rg2 Rh4 42. Rh2 g4 43. a4 g3 44. Rg2 Rxh3 45. Kf3 h5 46. Rxg3 Rh1 47.
Rg7+ Kd6 48. Rxa7 Ra1 49. Kg3 Rc1 50. Ra6+ Kd7 51. Kh4 Rxc4 52. Kxh5 Rxe4 53. Kg5 Rf4 54. Re6 Rxa4 55. Rxe5 Kd6 56. Kf5 Ra1 57. Re6+ Kxd5 58. Re2 Rf1+ 59. Kg4 c4 60. Rd2+ Ke4 61. Kg3 c3 62.
Rd8 Rf3+ 63. Kg2 Rd3 64. Rc8 Rd2+ 65. Kf1 c2 66. Re8+ Kd3 67. Rd8+ Kc3 68. Rc8+ Kb4 69. Rb8+ Ka5 70. Ra8+ Kb6 0-1

[Event "Late-Titled-Tuesday-Blitz-March-12-2024"]
[Site "Chess.com"]
[Date "2024.03.12"]
[Round "8"]
[White "Redzishchess"]
[Black "Fore_Man"]
[Result "0-1"]
[WhiteElo "2505"]
[BlackElo "2332"]
[TimeControl "180+1"]
[EndTime "15:27:00 PDT"]
[Termination "Fore_Man won by checkmate"]

1. d4 Nf6 2. c4 e6 3. Nc3 Bb4 4. e3 O-O 5. Ne2 d5 6. a3 Bd6 7. cxd5 exd5 8. Ng3 Re8 9. Bd3 a5 10. O-O Na6 11. Qc2 c6 12. Bd2 Nc7 13. f3 c5 14. Rae1 Ne6 15. Nb5 Bf8 16. e4 c4 17.
Be2 Bd7 18. exd5 Nxd5 19. Bxc4 Bxb5 20. Bxb5 Nxd4 21. Rxe8 Qb6 22. Qe4 Nxb5+ 23. Kh1 Nf6 24. Rxf8+ Rxf8 25. Qh4 Nc7 26. Bg5 Ncd5 27. Nf5 Qxb2 28.
Bh6 Ne8 29. Qe4 Ndf6 30. Ne7+ Kh8 31. Qf4 Qb5 32. Bg5 Qxf1# 0-1

[Event "Late-Titled-Tuesday-Blitz-March-12-2024"]
[Site "Chess.com"]
[Date "2024.03.12"]
[Round "8"]
[White "SergioMoralesG"]
[Black "Jahonas"]
[Result "1-0"]
[WhiteElo "2463"]
[BlackElo "2312"]
[TimeControl "180+1"]
[EndTime "15:27:00 PDT"]
[Termination "SergioMoralesG won on time"]

1. d4 d5 2. c4 e6 3. Nf3 Nf6 4. Nc3 Be7 5. Bf4 c6 6. e3 a6 7. c5 Nbd7 8. h3 O-O 9. Bd3 b6 10. b4 bxc5 11. bxc5 Qa5 12. Qd2 Re8 13. O-O Bd8 14.
Rab1 Bc7 15. Qc2 e5 16. Nxe5 Nxe5 17. Bxe5 Bxe5 18. dxe5 Rxe5 19. Ne2 Ne4 20. Bxe4 Rxe4 21. Nd4 g6 22. Nxc6 Qc7 23. Nd4 Rh4 24. Rb6 Qe7 25. Rfb1 Bxh3 26. Rb8+ Rxb8 27. Rxb8+ Kg7 28. Nf3 Rg4 29. g3 Re4 30. Qc3+ Kh6 31. c6 Rc4 32. Qd2 Rxc6 33. e4+ g5 34. exd5 Rd6 35. Rg8 Be6 36.
Rxg5 f6 37. Rg4+ 1-0

[Event "Late-Titled-Tuesday-Blitz-March-12-2024"]
[Site "Chess.com"]
[Date "2024.03.12"]
[Round "8"]
[White "Bongcloudtransvestit"]
[Black "mestrefeitosa19"]
[Result "1-0"]
[WhiteElo "2453"]
[BlackElo "2304"]
[TimeControl "180+1"]
[EndTime "15:27:00 PDT"]
[Termination "Bongcloudtransvestit won by checkmate"]

1. Nf3 d5 2. d4 Nf6 3. c4 e6 4. Nc3 Be7 5. g3 O-O 6. Bg2 b6 7. cxd5 exd5 8. O-O Bb7 9. Bf4 Nbd7 10. Ne5 c6 11.
Qc2 Nxe5 12. Bxe5 Nd7 13. Bf4 Bf6 14. Rad1 a5 15. e4 dxe4 16. Nxe4 Be7 17. h4 Nf6 18.
Nxf6+ Bxf6 19. Be3 Rc8 20. Be4 g6 21. h5 Bg7 22. hxg6 hxg6 23. Kg2 Re8 24. Bf3 Qc7 25.
Bf4 Qd7 26. Be5 Bxe5 27. dxe5 Qe6 28. Rfe1 Qxa2 29. Rd6 Re6 30. Rd7 Ba8 31. Bg4 c5+ 32. Kg1 Ree8 33. e6 f5 34. Qc3 Re7 35. Rxe7 Qxb2 36.
Qxb2 Kf8 37. Qg7# 1-0

[Event "Late-Titled-Tuesday-Blitz-March-12-2024"]
[Site "Chess.com"]
[Date "2024.03.12"]
[Round "8"]
[White "Zhigalko_Sergei"]
[Black "Fh2411"]
[Result "1/2-1/2"]
[WhiteElo "2855"]
[BlackElo "2660"]
[TimeControl "180+1"]
[EndTime "15:27:01 PDT"]
[Termination "Game drawn by repetition"]

1. e4 c6 2. d4 d5 3. e5 Bf5 4.
Nf3 e6 5. Be2 Nd7 6. O-O Ne7 7.
Nbd2 h6 8. a4 Nc8 9. a5 a6 10.
c3 Be7 11. b4 O-O 12. Nb3 Na7 13. Bf4 Nb5 14. Qd2 Re8 15. Rfe1 Bf8 16. Bd3 Bxd3 17.
Qxd3 Rc8 18. h3 f5 19. exf6 Qxf6 20. Bg3 Bd6 21. Bxd6 Nxd6 22. Ne5 Rc7 23. Re3 Nf5 24.
Re2 Nxe5 25. Rxe5 Nd6 26. Rae1 Nc4 27. R5e2 e5 28. dxe5 Rxe5 29. Rxe5 Nxe5 30. Qg3 Re7 31. Nd4 Nc4 32. Rxe7 Qxe7 33. Nf5 Qf6 34. Qb8+ Kh7 35.
Nd4 Qe7 36. Nf3 Nd6 37. Kh2 Qf6 38. Kg1 Qe7 39. Kh2 Qf6 40. Kg1 Qe7 1/2-1/2

[Event "Late-Titled-Tuesday-Blitz-March-12-2024"]
[Site "Chess.com"]
[Date "2024.03.12"]
[Round "8"]
[White "Vadim_Galchenko"]
[Black "TigrVShlyape"]
[Result "1/2-1/2"]
[WhiteElo "2603"]
[BlackElo "2886"]
[TimeControl "180+1"]
[EndTime "15:27:01 PDT"]
[Termination "Game drawn by agreement"]

1. e4 e5 2. Nc3 Nf6 3. Bc4 Nc6 4.
d3 Bb4 5. Ne2 d5 6. exd5 Nxd5 7. O-O Nxc3 8. bxc3 Bd6 9. Ng3 Na5 10.
Bb3 O-O 11. Qh5 Nxb3 12. axb3 f5 13. f4 g6 14. Qf3 c6 15. fxe5 Bxe5 16. d4 Bg7 17.
Bf4 Be6 18. Rfe1 Bd5 19. Qd3 Re8 20. Qd2 a6 21. Bg5 Qd7 22. Bh6 Bh8 23. h4 Bf7 24. h5 c5 25. dxc5 Qxd2 26. Bxd2 Rad8 27. hxg6 hxg6 28.
Rxe8+ Bxe8 29. Be1 Bc6 30. Ne2 Be4 31. Rc1 Bg7 32.
Nf4 Kf7 33. b4 g5 34. Ne2 f4 35. c4 Bb2 36. Rb1 Be5 37. Rc1 g4 38. Bc3 Bc7 39.
Rf1 f3 40. Nd4 Kg6 41. gxf3 gxf3 42. Nxf3 Bxc2 43. Ne5+ Bxe5 44. Bxe5 Rd1 45. Rxd1 Bxd1 46. Kf2 Bb3 47. Ke3 Bxc4 48. Kd4 1/2-1/2

[Event "Late-Titled-Tuesday-Blitz-March-12-2024"]
[Site "Chess.com"]
[Date "2024.03.12"]
[Round "8"]
[White "djano"]
[Black "mbojan"]
[Result "0-1"]
[WhiteElo "2586"]
[BlackElo "2879"]
[TimeControl "180+1"]
[EndTime "15:27:01 PDT"]
[Termination "mbojan won on time"]

1. Nf3 a6 2. c4 b5 3. e4 Bb7 4. e5 Bxf3 5. Qxf3 Nc6 6. Qg3 Nd4 7. Bd3 bxc4 8. Be4 Nh6 9. Qc3 Nc6 10.
O-O e6 11. d4 f5 12. exf6 gxf6 13. Qxc4 Ne7 14. d5 c6 15. d6 Neg8 16. Rd1 Nf7 17. Bf4 Rc8 18. Nc3 Bh6 19. Bg3 f5 20. Bxf5 exf5 21.
Re1+ Kf8 22. Na4 Qf6 23. Nc5 Rd8 24. Nb7 f4 25. Nxd8 Nxd8 26. Qe4 Ne6 27. Qa4 Kg7 28. Qxa6 fxg3 29. fxg3 Qd4+ 30. Kh1 Nf6 31. Rad1 Qxb2 32. Qa7 Re8 33. Rb1 Qd2 34. Red1 Qe3 35. Qb7 Nc5 36.
Qa7 Nfe4 37. h3 Nxg3+ 38. Kh2 Bf4 39. Re1 Nh5+ 40. Kh1 Qxe1+ 0-1

[Event "Late-Titled-Tuesday-Blitz-March-12-2024"]
[Site "Chess.com"]
[Date "2024.03.12"]
[Round "8"]
[White "GothamChess"]
[Black "Mikayel99"]
[Result "1-0"]
[WhiteElo "2696"]
[BlackElo "2558"]
[TimeControl "180+1"]
[EndTime "15:27:02 PDT"]
[Termination "GothamChess won by checkmate"]

1. e4 c5 2. Nc3 Nc6 3. Bb5 Nd4 4. Nf3 a6 5. Bd3 e6 6. O-O g6 7. Nxd4 cxd4 8. Ne2 Bg7 9. c3 dxc3 10. bxc3 Ne7 11.
f4 O-O 12. Bc2 b5 13. f5 exf5 14. exf5 d5 15. Nd4 Qb6 16. Ba3 b4 17. f6 Bxf6 18. Rxf6 Qxf6 19. Bxb4 Re8 20. Ba4 Rd8 21. Qe2 Nf5 22. Nc6 Bd7 23. Nxd8 Bxa4 24. Nb7 Re8 25. Qf2 Qg5 26. Nd6 Nxd6 27. Bxd6 Bb5 28. Bf4 Qf5 29. Be3 Qxf2+ 30. Kxf2 f6 31. a4 Bc4 32. Rb1 Kf7 33. Rb6 Re6 34. Rb2 Re7 35. h4 h5 36. Rb8 Ke6 37. Rb6+ Kf5 38. Rd6 Re6 39.
Rd8 Ke4 40. a5 Kd3 41. Rg8 Ke4 42. Rxg6 Bb3 43. Rh6 Bd1 44. Rh7 Kf5 45. Ra7 Bc2 46. Rh7 Kg4 47. Rg7+ Kxh4 48. Bf4 Bf5 49. Bg3# 1-0

[Event "Late-Titled-Tuesday-Blitz-March-12-2024"]
[Site "Chess.com"]
[Date "2024.03.12"]
[Round "8"]
[White "Casper"]
[Black "Zq1"]
[Result "0-1"]
[WhiteElo "2473"]
[BlackElo "2620"]
[TimeControl "180+1"]
[EndTime "15:27:02 PDT"]
[Termination "Zq1 won by resignation"]

1. Nf3 Nf6 2. b3 d5 3. Bb2 c6 4. e3 Bf5 5. c4 e6 6. Nc3 h6 7.
d4 Nbd7 8. Bd3 Bxd3 9. Qxd3 Be7 10. O-O O-O 11. e4 dxe4 12. Nxe4 Nxe4 13. Qxe4 Bf6 14. Rad1 Qc7 15. Rd2 c5 16. Rfd1 a6 17. h3 cxd4 18. Nxd4 Nc5 19. Qe3 Rfe8 20. g3 Rac8 21. h4 h5 22. Qf3 e5 23. Nf5 e4 24. Qxh5 Bxb2 25.
Rxb2 Qe5 26. Re2 g6 27. Nh6+ Kg7 28. Qxe5+ Rxe5 29. Ng4 Re6 30. Rd5 Nd3 31. Rd7 b5 32. Ne3 Ne5 33. Ra7 bxc4 34. bxc4 Nxc4 35. Rc2 Rec6 36. Rxc4 Rxc4 37. Nxc4 Rxc4 38. Rxa6 Rc1+ 39. Kg2 Rc2 40. Kf1 f5 41. a4 Ra2 42. a5 Ra1+ 43.
Ke2 Ra2+ 44. Ke3 Ra3+ 45. Kf4 Rf3+ 46. Kg5 Rxf2 47. Ra7+ Kf8 48. a6 e3 49. Kf6 Kg8 50.
Kxg6 Kf8 51. Rh7 Ra2 52. a7 e2 53. Kf6 Ra6+ 54. Kxf5 e1=Q 0-1

[Event "Late-Titled-Tuesday-Blitz-March-12-2024"]
[Site "Chess.com"]
[Date "2024.03.12"]
[Round "8"]
[White "N4700000"]
[Black "Mbneu"]
[Result "1-0"]
[WhiteElo "2496"]
[BlackElo "2262"]
[TimeControl "180+1"]
[EndTime "15:27:03 PDT"]
[Termination "N4700000 won by resignation"]

1. e4 c5 2. a3 Nc6 3. b4 cxb4 4. axb4 e5 5. b5 Nd4 6. c3 Ne6 7. Nf3 f6 8. Bc4 Nf4 9. O-O d5 10. exd5 Bg4 11. d4 Nxd5 12. dxe5 Nb6 13. Qb3 Nxc4 14. Qxc4 Bxf3 15. gxf3 fxe5 16. Re1 Bd6 17. f4 Rc8 18. Qe6+ Ne7 19. fxe5 Bc5 20. Be3 Qd5 21. Qxd5 Nxd5 22. Bxc5 Rxc5 23. Rxa7 O-O 24. Rxb7 Nf4 25. Re3 Rd5 26.
Re1 Rd3 27. e6 Nh3+ 28. Kg2 Rxf2+ 29. Kh1 Rf8 30. e7 Re8 31. c4 Nf2+ 32. Kg2 Ng4 33. c5 Rb3 34. Nd2 Rd3 35. Re2 Ne3+ 36. Kg1 Nd5 37. c6 Rc3 38. Rf2 Ne3 39. Nf1 Rc1 40. b6 Rxc6 41. Nxe3 1-0

[Event "Late-Titled-Tuesday-Blitz-March-12-2024"]
[Site "Chess.com"]
[Date "2024.03.12"]
[Round "8"]
[White "AlexTruskavetsky"]
[Black "steepedgames"]
[Result "1-0"]
[WhiteElo "2691"]
[BlackElo "2549"]
[TimeControl "180+1"]
[EndTime "15:27:04 PDT"]
[Termination "AlexTruskavetsky won by resignation"]

1. d4 f5 2. e4 fxe4 3. Nc3 Nf6 4. Bg5 e6 5. Nxe4 Be7 6. Nxf6+ Bxf6 7. Bxf6 Qxf6 8. Bd3 O-O 9. Nf3 Nc6 10. c3 d6 11. O-O e5 12. dxe5 Nxe5 13. Nxe5 Qxe5 14. Re1 Qf4 15. Qc2 Bf5 16. Bxf5 Qxf5 17. Qxf5 Rxf5 18.
Re7 Rf7 19. Re2 d5 20. Rae1 c6 21. g3 Raf8 22. f4 g6 23. Kg2 Kg7 24. Re6 Rf6 25.
R6e5 Rf5 26. Rxf5 Rxf5 27. Kf3 Kf7 28. Ke3 c5 29. Kf3 h5 30. h3 g5 31. h4 g4+ 32.
Kf2 b6 33. Re2 a5 34. Re1 a4 35.
Re2 b5 36. a3 Kf8 37. Re6 d4 38. cxd4 cxd4 39. Ke2 Rc5 40. Kd3 Rc1 41. Kxd4 Rc2 42. Ke5 Rxb2 43. Kf6 Rb3 44. Rb6 Ke8 45. f5 Rxa3 46.
Rxb5 Rxg3 47. Kg7 Rf3 48. f6 g3 49. Re5+ Kd7 50. f7 a3 51. f8=Q Rxf8 52. Kxf8 g2 53. Re1 a2 54. Kf7 Kd6 55. Kf6 Kd5 56. Kf5 Kd4 57.
Kf4 Kd3 58. Kf3 Kd2 59. Kf2 Kc2 60. Kxg2 Kb2 61. Kf3 a1=Q 62. Rxa1 Kxa1 63. Kf4 Kb2 64. Kg5 Kc3 65. Kxh5 Kd4 66. Kg6 Ke5 67. h5 1-0

[Event "Late-Titled-Tuesday-Blitz-March-12-2024"]
[Site "Chess.com"]
[Date "2024.03.12"]
[Round "8"]
[White "Malev212"]
[Black "GilbertoHernandezAmura"]
[Result "1-0"]
[WhiteElo "2614"]
[BlackElo "2440"]
[TimeControl "180+1"]
[EndTime "15:27:05 PDT"]
[Termination "Malev212 won on time"]

1. e4 c6 2. d4 d5 3. exd5 cxd5 4. Bd3 Nc6 5. c3 Nf6 6. Nf3 Bg4 7. Nbd2 e6 8. h3 Bh5 9. O-O Bd6 10. Re1 Qc7 11.
Qe2 O-O 12. g4 Bg6 13. Bxg6 hxg6 14. Ne5 Bxe5 15. dxe5 Nd7 16. Nf3 Nc5 17. Kg2 Ne4 18. Bf4 Qb6 19. Rad1 Qa6 20. Qxa6 bxa6 21. Nd4 g5 22.
Bc1 Ne7 23. f3 Nc5 24. Bxg5 Ng6 25. Kg3 Rfc8 26. h4 Rab8 27. h5 Nf8 28. Re2 Nfd7 29.
h6 g6 30. h7+ Kxh7 31. Rh1+ Kg7 32. Bh6+ Kh7 33. Reh2 Rh8 34. Bg5+ Kg7 35. Bf6+ Nxf6 36. exf6+ Kxf6 37. Rxh8 Rxb2 38. R1h2 Rb1 39. Rc8 Nd3 40. f4 Rg1+ 41. Rg2 Rf1 42. g5+ Ke7 43. Rc7+ Kd6 44. Rxf7 Nc5 45. Re2 Ne4+ 46. Rxe4 dxe4 47. Rf6 Kd5 48.
Rxe6 Ra1 49. Re5+ Kc4 50. Rxe4 Rxa2 51. f5 gxf5 52. Nxf5+ 1-0

[Event "Late-Titled-Tuesday-Blitz-March-12-2024"]
[Site "Chess.com"]
[Date "2024.03.12"]
[Round "8"]
[White "publicaccountcze"]
[Black "noblerone"]
[Result "0-1"]
[WhiteElo "2213"]
[BlackElo "2569"]
[TimeControl "180+1"]
[EndTime "15:27:05 PDT"]
[Termination "noblerone won by checkmate"]

1. e4 c5 2. Nf3 e6 3. d4 cxd4 4. Nxd4 Qb6 5. Nc3 Bc5 6. Na4 Qa5+ 7. Nc3 Qb6 8. Na4 Qa5+ 9. c3 Bxd4 10. Qxd4 Nf6 11.
Nc5 Nc6 12. Qe3 O-O 13. Be2 d5 14. e5 Nxe5 15. Nxb7 Bxb7 16. Qxe5 Ne4 17. O-O Qb6 18. Be3 Qxb2 19. Bd4 f6 20. Qxe6+ Kh8 21. Rab1 Qxe2 22.
Rxb7 Qxa2 23. f3 Ng5 24. Qg4 Qa6 25. Rfb1 Qe6 26. Qxg5 fxg5 27. Rxg7 Rf6 28. Rxg5 Rf8 29. h3 h6 30. Re5 Qd7 31. Rbe1 R8f7 32. Re8+ Kg7 33.
R1e6 Kg6 34. Rg8+ Kh7 35. Ree8 a5 36. Rd8 Qe7 37. Rh8+ Kg6 38. g4 Kg5 39. Kg2 Qe2+ 40. Kg3 Rxf3# 0-1

[Event "Late-Titled-Tuesday-Blitz-March-12-2024"]
[Site "Chess.com"]
[Date "2024.03.12"]
[Round "8"]
[White "ccccvhhhj"]
[Black "karinachess1"]
[Result "1-0"]
[WhiteElo "2480"]
[BlackElo "2600"]
[TimeControl "180+1"]
[EndTime "15:27:06 PDT"]
[Termination "ccccvhhhj won by checkmate"]

1. e4 e5 2. Nf3 Nc6 3. d4 exd4 4. Nxd4 Bc5 5. Nb3 Bb6 6. Nc3 Nf6 7. Qe2 O-O 8. Be3 Re8 9. f3 d5 10. O-O-O d4 11.
Bg5 Be6 12. Na4 h6 13. Bh4 Qe7 14. g4 Qb4 15. Nxb6 axb6 16. a3 Qd6 17. Bxf6 Qf4+ 18.
Kb1 Qxf6 19. h4 d3 20. Qxd3 Ne5 21. Qc3 Qxf3 22. Bd3 Nxd3 23. cxd3 c5 24. Nd2 Qf4 25. Rdf1 Qd6 26. g5 h5 27. g6 f6 28. Nc4 Qc6 29.
Ne3 b5 30. Rc1 b6 31. Qd2 Qd6 32. Qe2 Qe5 33. Rhf1 b4 34. Nf5 bxa3 35. d4 cxd4 36. Qxh5 Qxe4+ 37. Rc2 a2+ 38. Ka1 Bxf5 39. Qh7+ Kf8 40.
Qh8+ Ke7 41. Qxg7+ Kd6 42. Qc7+ Ke6 43. Rc6+ Kd5 44.
Qd6# 1-0

[Event "Late-Titled-Tuesday-Blitz-March-12-2024"]
[Site "Chess.com"]
[Date "2024.03.12"]
[Round "8"]
[White "Yeritsyaan"]
[Black "imdvb6307"]
[Result "1-0"]
[WhiteElo "2649"]
[BlackElo "2509"]
[TimeControl "180+1"]
[EndTime "15:27:08 PDT"]
[Termination "Yeritsyaan won on time"]

1. Nf3 d5 2. b3 c5 3. Bb2 f6 4. e3 e5 5. d4 cxd4 6. exd4 e4 7. Nfd2 f5 8. c4 Nf6 9. Nc3 Nc6 10. cxd5 Nb4 11. Bb5+ Bd7 12. Bc4 Qa5 13. O-O b5 14. a3 Na6 15. b4 Qb6 16. Bb3 Bd6 17.
Rc1 O-O 18. Ne2 Ng4 19. h3 Nf6 20. Rc5 Rae8 21. Qc2 Bb8 22. Rc6 Bxc6 23. dxc6+ Kh8 24.
d5 e3 25. Nf3 exf2+ 26. Kh1 Qe3 27. Ned4 Ne4 28. g3 Nxg3+ 29. Kg2 Ne4 30. Ne6 Qh6 31.
Bxg7+ Qxg7+ 32. Nxg7 Rg8 33. h4 Rxg7+ 34. Ng5 h6 35.
Rh1 Nxg5 36. hxg5 Rxg5+ 37. Kxf2 Kh7 38. Qd2 Bg3+ 39. Kf3 f4 40. Qd3+ Kg7 41. Qd4+ Rge5 42. Rh5 Kf6 43. d6 1-0

[Event "Late-Titled-Tuesday-Blitz-March-12-2024"]
[Site "Chess.com"]
[Date "2024.03.12"]
[Round "8"]
[White "thesupera12"]
[Black "ansko1999"]
[Result "0-1"]
[WhiteElo "2450"]
[BlackElo "2679"]
[TimeControl "180+1"]
[EndTime "15:27:08 PDT"]
[Termination "ansko1999 won by resignation"]

1. e4 d6 2. d4 Nf6 3. Nc3 c6 4. g3 e5 5. dxe5 dxe5 6. Qxd8+ Kxd8 7. Bg5 Nd7 8. O-O-O Kc7 9. Bc4 Bc5 10. Bxf7 Bxf2 11. Nf3 Rf8 12. Be6 Nc5 13. Bxc8 Raxc8 14. Nxe5 Rce8 15. Bf4 g5 16. Nd3+ gxf4 17. Nxf2 Nfxe4 18. Nfxe4 Nxe4 19. Nxe4 Rxe4 20. gxf4 Rfxf4 21. Rhf1 h5 22. Rxf4 Rxf4 23. Rg1 Rf2 24. h3 Rh2 25. Rg3 h4 26. Rd3 b5 27. b4 Kb6 28. Kb2 a5 29. a3 a4 30. Rf3 Kc7 31. Rd3 Rh1 32. Ka2 c5 33.
bxc5 Kc6 34. Kb2 Kxc5 35. Kc3 Rg1 36. Kd2 Rg3 37. Rc3+ Rxc3 38. Kxc3 b4+ 39. axb4+ Kb5 40. Kd3 Kxb4 41. c4 a3 42. Kc2 Kxc4 43. Kb1 Kd3 44. Ka2 Ke3 45. Kxa3 Kf3 46. Kb2 Kg3 47. Kc2 Kxh3 48.
Kd2 Kg2 49. Ke2 h3 50. Ke3 h2 0-1

[Event "Late-Titled-Tuesday-Blitz-March-12-2024"]
[Site "Chess.com"]
[Date "2024.03.12"]
[Round "8"]
[White "willcab71"]
[Black "Kostukov_Alex"]
[Result "1/2-1/2"]
[WhiteElo "2141"]
[BlackElo "2283"]
[TimeControl "180+1"]
[EndTime "15:27:12 PDT"]
[Termination "Game drawn by repetition"]

1. d4 g6 2. c4 Bg7 3. Nc3 d6 4.
e4 e5 5. d5 f5 6. Bd3 Nf6 7.
Nge2 O-O 8. f3 Na6 9. Be3 b6 10. Qd2 Nc5 11. O-O-O fxe4 12. Nxe4 Ncxe4 13. fxe4 Ng4 14.
Nc3 Nxe3 15. Qxe3 Qh4 16. Kb1 Bh6 17. Qe1 Qxe1 18. Rdxe1 Rf2 19. Re2 Rf6 20. h3 Bd7 21. Kc2 Raf8 22. Rhe1 Bf4 23. Nb5 Bxb5 24. cxb5 Bg3 25. Rd1 h5 26. Red2 Kg7 27. Re2 Rf2 28.
Rxf2 Rxf2+ 29. Rd2 Rf7 30. Re2 Kh6 31. a4 Kg5 32. Rd2 Rf2 33. Rxf2 Bxf2 34. Be2 Kf4 35.
Bf3 Kg3 36. Kd3 g5 37. Bxh5 Kxg2 38. Bg4 Kg3 39. b3 Bc5 40. Bd7 Kf2 41. Bg4 Ke1 42.
Kc4 Kd2 43. Bf5 Kc2 44. Bg4 Kd2 45. Bf5 Ke3 46. Bg6 Kf4 47. Bf5 Ke3 48. Bg6 Kf4 49. Bf5 Ke3 1/2-1/2

[Event "Late-Titled-Tuesday-Blitz-March-12-2024"]
[Site "Chess.com"]
[Date "2024.03.12"]
[Round "8"]
[White "Walter_White_Poland"]
[Black "miraitrunks"]
[Result "1-0"]
[WhiteElo "2359"]
[BlackElo "2178"]
[TimeControl "180+1"]
[EndTime "15:27:14 PDT"]
[Termination "Walter_White_Poland won by resignation"]

1. e4 e6 2. d4 d5 3. Nc3 Bb4 4. e5 Qd7 5. a3 Bf8 6. Nh3 b6 7. Nf4 Ba6 8. Bxa6 Nxa6 9. Qe2 Nb8 10. Nh5 c5 11. f4 cxd4 12. Nb5 g6 13. Nf6+ Nxf6 14. exf6 Nc6 15. Qd3 a6 16. Nxd4 Nxd4 17. Qxd4 Bc5 18. Qe5 O-O 19. Bd2 a5 20. h4 d4 21. h5 Qd5 22. Qxd5 exd5 23. Ke2 Rfe8+ 24. Kd3 Re6 25. g4 Rxf6 26. Rae1 Re6 27. f5 Ree8 28. hxg6 fxg6 29. Re6 Kf7 30. Rxh7+ Kg8 31. Rxe8+ Rxe8 32. Bh6 gxf5 33. Rg7+ Kh8 34. gxf5 Re3+ 35. Bxe3 Kxg7 36. Bxd4+ Kf7 37. Bxc5 bxc5 38. b4 c4+ 39. Kd4 1-0

[Event "Late-Titled-Tuesday-Blitz-March-12-2024"]
[Site "Chess.com"]
[Date "2024.03.12"]
[Round "8"]
[White "Mikhail_Bryakin"]
[Black "Eloist"]
[Result "1-0"]
[WhiteElo "2745"]
[BlackElo "2477"]
[TimeControl "180+1"]
[EndTime "15:27:16 PDT"]
[Termination "Mikhail_Bryakin won on time"]

1. e4 e6 2. d4 d5 3. Nd2 c5 4. exd5 Qxd5 5. Ngf3 cxd4 6. Bc4 Qd6 7.
O-O Nf6 8. Nb3 Nc6 9. Nbxd4 Nxd4 10. Qxd4 Qxd4 11. Nxd4 Bd7 12. c3 Rc8 13. Bb3 Bc5 14.
Nf3 Bc6 15. Ne5 Bd5 16. h3 O-O 17. Bf4 Rfd8 18. Rad1 Bxb3 19. axb3 Ne4 20. Be3 Bxe3 21. fxe3 Nd2 22. Nxf7 Nxf1 23. Rxd8+ Rxd8 24. Nxd8 Nxe3 25. Nxb7 Nd1 26. Nc5 Kf7 27. Nd3 Kf6 28. Kf1 Ne3+ 29. Kf2 Nf5 30. g4 Nd6 31. Kf3 e5 32. Nc5 Ke7 33.
Ne4 Nf7 34. b4 Ke6 35. c4 a6 36. Nc5+ Kd6 37. Nxa6 Ng5+ 38. Ke3 Nxh3 39. b5 g6 40. c5+ Kd5 41. c6 Kd6 42. Nc5 Ng5 43.
Na6 h5 44. gxh5 gxh5 45. c7 Kd7 46. b6 Kc8 47. Nb4 Ne6 48. Nd5 1-0

[Event "Late-Titled-Tuesday-Blitz-March-12-2024"]
[Site "Chess.com"]
[Date "2024.03.12"]
[Round "8"]
[White "maurovargas01"]
[Black "lluiss"]
[Result "0-1"]
[WhiteElo "1837"]
[BlackElo "2238"]
[TimeControl "180+1"]
[EndTime "15:27:17 PDT"]
[Termination "lluiss won on time"]

1. e4 c5 2. Nc3 d6 3. f4 g6 4. Nf3 Bg7 5. Bb5+ Bd7 6. Bxd7+ Qxd7 7. d3 Nc6 8. O-O e6 9. Ne2 Nge7 10. c3 O-O 11. Qe1 d5 12. e5 b5 13. g4 b4 14.
Qh4 f5 15. exf6 Bxf6 16. Ng5 Nc8 17. Be3 d4 18. cxd4 cxd4 19. Bf2 Nb6 20. b3 Rac8 21. Rac1 Rc7 22. Rc2 Rfc8 23. Rfc1 Nd8 24. Rxc7 Rxc7 25. Rxc7 Qxc7 26. Nxd4 Qg7 27. Ndf3 h6 28. Nxe6 Nxe6 29. g5 hxg5 30. fxg5 Be7 31. Qg4 Nf8 32. Bd4 Qf7 33. Qh3 Nh7 34. Qg3 Nd7 35. Qc7 Qxf3 36. Qc8+ Kf7 37.
Qxd7 Qd1+ 38. Kf2 Qd2+ 39. Kf3 Qxg5 40. Ke2 Qf5 41. Kd2 Qxd7 0-1

[Event "Late-Titled-Tuesday-Blitz-March-12-2024"]
[Site "Chess.com"]
[Date "2024.03.12"]
[Round "8"]
[White "GoltsevDmitry2000"]
[Black "Oleksandr_Bortnyk"]
[Result "0-1"]
[WhiteElo "2720"]
[BlackElo "3011"]
[TimeControl "180+1"]
[EndTime "15:27:18 PDT"]
[Termination "Oleksandr_Bortnyk won on time"]

1. e4 g6 2. d4 Bg7 3. c3 c6 4.
e5 d6 5. exd6 exd6 6. Nf3 Nf6 7.
Bd3 O-O 8. O-O a5 9. Bg5 Nbd7 10. Qd2 Re8 11. Na3 a4 12. Nc4 Nb6 13. Nxb6 Qxb6 14. Rfe1 Rxe1+ 15. Rxe1 Be6 16. a3 Ra5 17. Bh6 Bxh6 18.
Qxh6 Qxb2 19. Bxg6 hxg6 20. Rxe6 Rh5 21. Qe3 Qa1+ 22.
Qe1 Qxe1+ 23. Rxe1 Rb5 24. Nd2 Rb2 25. Nc4 Rb3 26. Nxd6 Rxc3 27. Nxb7 Rxa3 28. Nc5 Nd5 29. g3 Ra2 30. Re8+ Kg7 31. Ra8 a3 32. Ra7 Ra1+ 33. Kg2 a2 34. Ne6+ Kg8 35. Nd8 Nb4 36.
Nxf7 Re1 37. Ne5 g5 38. h4 gxh4 39. gxh4 a1=Q 40. Rxa1 Rxa1 41. Kf3 Kg7 42. Ke4 Kf6 43. f4 Re1+ 44. Kf3 Kf5 45. h5 Rf1+ 46. Kg3 Nd5 47. h6 Nxf4 48. Ng4 Rg1+ 49. Kf3 Rxg4 0-1